TOP OF THE 1ST |
Shady Side Zoomies batting - Pitching for Beaumont Crossbeaus : RHP Harrie Lindeboom
|
Pitching: RHP Harrie Lindeboom
|
|
Batting: RHB Ieyoshi Saito
|
0-0: Ball 1-0: Ball 2-0: Foul Ball, location: 2F 2-1: DOUBLE (Flyball, 8RD, EV 103.1 MPH) - OUT at third base trying to stretch hit.
|
Batting: LHB Robert Tavares
|
0-0: Foul Ball, location: 2F 0-1: Ground out 4-3 (Groundball, 4, EV 87.5 MPH)
|
Batting: RHB Chris Teoh
|
0-0: Ball 1-0: Ball 2-0: Called Strike 2-1: Ground out 1-3 (Groundball, 13, EV 64.4 MPH)
|
Top of the 1st over - 0 runs, 1 hit, 0 errors, 0 left on base; Shady Side 0 - Beaumont 0 |
BOTTOM OF THE 1ST |
Beaumont Crossbeaus batting - Pitching for Shady Side Zoomies : LHP Phil Dyer
|
Pitching: LHP Phil Dyer
|
|
Batting: LHB Kombayn Khanli
|
0-0: Ball 1-0: Ground out 4-3 (Groundball, 4, EV 101.2 MPH)
|
Batting: RHB Armando Rivera
|
0-0: Fly out, F8 (Line Drive, 8LM, EV 91.2 MPH)
|
Batting: SHB Nathan Dooley
|
0-0: Called Strike 0-1: Called Strike 0-2: Strikes out looking
|
Bottom of the 1st over - 0 runs, 0 hits, 0 errors, 0 left on base; Shady Side 0 - Beaumont 0 |
TOP OF THE 2ND |
Shady Side Zoomies batting - Pitching for Beaumont Crossbeaus : RHP Harrie Lindeboom
|
Batting: RHB Gonzalo Valéncia
|
0-0: Called Strike 0-1: Called Strike 0-2: Ball 1-2: Strikes out swinging
|
Batting: LHB Suk-jin Chong
|
0-0: Called Strike 0-1: Called Strike 0-2: Strikes out looking
|
Batting: RHB Gorgonio Arboleda
|
0-0: Ball 1-0: Ball 2-0: SINGLE (Groundball, 34, EV 104.4 MPH)
|
Batting: RHB Javier Reyes
|
0-0: Foul Ball, location: 2F 0-1: Called Strike 0-2: 2-RUN HOME RUN (Line Drive, 7D, EV 104.4 MPH), Distance : 431 ft
|
Batting: RHB Felipe Torres
|
0-0: Called Strike 0-1: Swinging Strike 0-2: Ball 1-2: Ball 2-2: Foul Ball, location: 2F 2-2: Ball 3-2: Base on Balls
|
Batting: SHB Chad Scott
|
0-0: Ball 1-0: Ball 2-0: Ground out 1-3 (Groundball, 34S, EV 70.6 MPH)
|
Top of the 2nd over - 2 runs, 2 hits, 0 errors, 1 left on base; Shady Side 2 - Beaumont 0 |
BOTTOM OF THE 2ND |
Beaumont Crossbeaus batting - Pitching for Shady Side Zoomies : LHP Phil Dyer
|
Batting: RHB Félix Morán
|
0-0: SOLO HOME RUN (Flyball, 7D, EV 106.2 MPH), Distance : 410 ft
|
Batting: RHB Artie Jackson
|
0-0: Called Strike 0-1: Foul Ball, location: 2F 0-2: Ball 1-2: SOLO HOME RUN (Flyball, 7LD, EV 98.8 MPH), Distance : 377 ft
|
Batting: RHB Gilberto Rodríguez
|
0-0: Fly out, F7 (Flyball, 7D, EV 95.6 MPH)
|
Batting: RHB Jesús Guzmán
|
0-0: Ball 1-0: Called Strike 1-1: Foul Ball, location: 2F 1-2: Strikes out swinging
|
Batting: LHB José Roseta
|
0-0: Ball 1-0: Ball 2-0: Called Strike 2-1: Foul Ball, location: 2F 2-2: Strikes out swinging
|
Bottom of the 2nd over - 2 runs, 2 hits, 0 errors, 0 left on base; Shady Side 2 - Beaumont 2 |
TOP OF THE 3RD |
Shady Side Zoomies batting - Pitching for Beaumont Crossbeaus : RHP Harrie Lindeboom
|
Batting: RHB Ieyoshi Saito
|
0-0: Called Strike 0-1: Ground out 6-3 (Groundball, 6, EV 104.4 MPH)
|
Batting: LHB Robert Tavares
|
0-0: Ball 1-0: Called Strike 1-1: Swinging Strike 1-2: Foul Ball, location: 2F 1-2: Ball 2-2: Strikes out swinging
|
Batting: RHB Chris Teoh
|
0-0: Ball 1-0: SOLO HOME RUN (Flyball, 8RXD, EV 118.1 MPH), Distance : 486 ft
|
Batting: RHB Gonzalo Valéncia
|
0-0: Called Strike 0-1: Ball 1-1: Ball 2-1: Ball 3-1: Foul Ball, location: 2F 3-2: Base on Balls
|
Batting: LHB Suk-jin Chong
|
0-0: Called Strike 0-1: Called Strike 0-2: Foul Ball, location: 2F 0-2: Strikes out looking
|
Top of the 3rd over - 1 run, 1 hit, 0 errors, 1 left on base; Shady Side 3 - Beaumont 2 |
BOTTOM OF THE 3RD |
Beaumont Crossbeaus batting - Pitching for Shady Side Zoomies : LHP Phil Dyer
|
Batting: RHB Charles Drunk
|
0-0: Ground out 2-3 (Groundball, 2L, EV 64.4 MPH)
|
Batting: LHB Kombayn Khanli
|
0-0: Swinging Strike 0-1: Ball 1-1: Ball 2-1: Ball 3-1: Base on Balls
|
Batting: RHB Armando Rivera
|
0-0: SINGLE (Line Drive, 9S, EV 87.5 MPH) Kombayn Khanli to second
|
Batting: SHB Nathan Dooley
|
0-0: Ball 1-0: Ball 2-0: Called Strike 2-1: Ball 3-1: Base on Balls Kombayn Khanli to third Armando Rivera to second
|
Batting: RHB Félix Morán
|
0-0: Ball 1-0: Called Strike 1-1: DOUBLE (Line Drive, 8RD, EV 88.8 MPH) Kombayn Khanli scores Armando Rivera scores Nathan Dooley to third
|
Batting: RHB Artie Jackson
|
0-0: Called Strike 0-1: Ground out 6-3 (Groundball, 6, EV 93.1 MPH) Nathan Dooley scores
|
Batting: RHB Gilberto Rodríguez
|
0-0: Ball 1-0: Ball 2-0: Called Strike 2-1: Foul Ball, location: 2F 2-2: Fly out, F2 (Popup, 23F, EV 81.9 MPH)
|
Bottom of the 3rd over - 3 runs, 2 hits, 0 errors, 1 left on base; Shady Side 3 - Beaumont 5 |
TOP OF THE 4TH |
Shady Side Zoomies batting - Pitching for Beaumont Crossbeaus : RHP Harrie Lindeboom
|
Batting: RHB Gorgonio Arboleda
|
0-0: Ball 1-0: Ball 2-0: Ball 3-0: Called Strike 3-1: Foul Ball, location: 2F 3-2: Strikes out swinging
|
Batting: RHB Javier Reyes
|
0-0: Ball 1-0: Ball 2-0: Hit by Pitch
|
Batting: RHB Felipe Torres
|
0-0: Ball Javier Reyes steals 2nd, throwing error, E2 Javier Reyes to third 1-0: Swinging Strike Balk! Javier Reyes scores 1-1: Ball 2-1: Ball 3-1: Swinging Strike 3-2: Foul Ball, location: 2F 3-2: Foul Ball, location: 2F 3-2: Foul Ball, location: 2F 3-2: SINGLE (Line Drive, 6MD, EV 96.2 MPH)
|
Batting: SHB Chad Scott
|
0-0: Called Strike 0-1: Grounds into double play, 4-6-3 (Groundball, 4, EV 103.1 MPH)
|
Top of the 4th over - 1 run, 1 hit, 1 error, 0 left on base; Shady Side 4 - Beaumont 5 |
BOTTOM OF THE 4TH |
Beaumont Crossbeaus batting - Pitching for Shady Side Zoomies : LHP Phil Dyer
|
Batting: RHB Jesús Guzmán
|
0-0: Called Strike 0-1: Ball 1-1: Foul Ball, location: 2F 1-2: Ball 2-2: Ball 3-2: Base on Balls
|
Batting: LHB José Roseta
|
0-0: Called Strike 0-1: Called Strike 0-2: Strikes out swinging
|
Batting: RHB Charles Drunk
|
0-0: Fly out, F3 (Popup, 23, EV 85.0 MPH)
|
Batting: LHB Kombayn Khanli
|
0-0: Called Strike 0-1: Ball 1-1: Fly out, F8 (Line Drive, 8RM, EV 93.1 MPH)
|
Bottom of the 4th over - 0 runs, 0 hits, 0 errors, 1 left on base; Shady Side 4 - Beaumont 5 |
TOP OF THE 5TH |
Shady Side Zoomies batting - Pitching for Beaumont Crossbeaus : RHP Harrie Lindeboom
|
Batting: RHB Ieyoshi Saito
|
0-0: Ball 1-0: Called Strike 1-1: Ground out 1-3 (Groundball, 15S, EV 63.8 MPH)
|
Batting: LHB Robert Tavares
|
0-0: Swinging Strike 0-1: Swinging Strike 0-2: Ball 1-2: Ball 2-2: Fly out, F8 (Flyball, 78M, EV 85.6 MPH)
|
Batting: RHB Chris Teoh
|
0-0: Ball 1-0: Called Strike 1-1: Ball 2-1: Foul Ball, location: 2F 2-2: Strikes out looking
|
Top of the 5th over - 0 runs, 0 hits, 0 errors, 0 left on base; Shady Side 4 - Beaumont 5 |
BOTTOM OF THE 5TH |
Beaumont Crossbeaus batting - Pitching for Shady Side Zoomies : LHP Phil Dyer
|
Pitching: LHP Juan Juárez
|
|
Batting: RHB Armando Rivera
|
0-0: Ball 1-0: Ball 2-0: Foul Ball, location: 2F 2-1: Foul Ball, location: 2F 2-2: Strikes out looking
|
Batting: SHB Nathan Dooley
|
0-0: Ball 1-0: Ball 2-0: Ball 3-0: Base on Balls
|
Batting: RHB Félix Morán
|
0-0: Ball 1-0: Called Strike 1-1: Ball 2-1: Ball Wild Pitch! Nathan Dooley to second 3-1: Ground out 5-3 (Groundball, 5, EV 89.4 MPH)
|
Batting: RHB Artie Jackson
|
0-0: Foul Ball, location: 2F 0-1: Ball 1-1: Called Strike 1-2: Ball 2-2: Strikes out swinging
|
Bottom of the 5th over - 0 runs, 0 hits, 0 errors, 1 left on base; Shady Side 4 - Beaumont 5 |
TOP OF THE 6TH |
Shady Side Zoomies batting - Pitching for Beaumont Crossbeaus : RHP Harrie Lindeboom
|
Batting: RHB Gonzalo Valéncia
|
0-0: Swinging Strike 0-1: Ball 1-1: Swinging Strike 1-2: Ball 2-2: Foul Ball, location: 2F 2-2: Ball 3-2: Strikes out swinging
|
Batting: LHB Suk-jin Chong
|
0-0: Fly out, F9 (Flyball, 9S, EV 74.4 MPH)
|
Batting: RHB Gorgonio Arboleda
|
0-0: Called Strike 0-1: Foul Ball, location: 2F 0-2: Ball 1-2: Foul Ball, location: 2F 1-2: Fly out, F8 (Flyball, 8LD, EV 100.6 MPH)
|
Top of the 6th over - 0 runs, 0 hits, 0 errors, 0 left on base; Shady Side 4 - Beaumont 5 |
BOTTOM OF THE 6TH |
Beaumont Crossbeaus batting - Pitching for Shady Side Zoomies : LHP Juan Juárez
|
Batting: RHB Gilberto Rodríguez
|
0-0: Ball 1-0: Swinging Strike 1-1: Swinging Strike 1-2: Strikes out swinging
|
Batting: RHB Jesús Guzmán
|
0-0: Called Strike 0-1: Foul Ball, location: 2F 0-2: Ball 1-2: Ball 2-2: Ball 3-2: Foul Ball, location: 2F 3-2: Fly out, F8 (Flyball, 8RS, EV 85.0 MPH)
|
Batting: LHB José Roseta
|
0-0: Called Strike 0-1: Swinging Strike 0-2: Foul Ball, location: 2F 0-2: Strikes out looking
|
Bottom of the 6th over - 0 runs, 0 hits, 0 errors, 0 left on base; Shady Side 4 - Beaumont 5 |
TOP OF THE 7TH |
Shady Side Zoomies batting - Pitching for Beaumont Crossbeaus : RHP Harrie Lindeboom
|
Batting: RHB Javier Reyes
|
0-0: Called Strike 0-1: Ball 1-1: Ball 2-1: Reached on error, E4 (Groundball, 4, EV 83.1 MPH)
|
Pitching: LHP Felipe Cervantes
|
|
Batting: RHB Felipe Torres
|
0-0: Swinging Strike 0-1: Ball 1-1: Ball 2-1: Foul Ball, location: 2F 2-2: Ball 3-2: Single, Error in OF, E9, batter to second base (Line Drive, 9LS, EV 85.6 MPH) Javier Reyes scores
|
Batting: SHB Chad Scott
|
0-0: Fly out, F3 (Popup, 3S, EV 75.0 MPH)
|
Batting: RHB Ieyoshi Saito
|
0-0: Intentional Walk
|
Batting: RHB Bob Cole
|
0-0: Called Strike 0-1: Swinging Strike 0-2: Ball 1-2: Strikes out swinging
|
Batting: RHB Chris Teoh
|
0-0: Ball 1-0: Called Strike 1-1: Foul Ball, location: 2F 1-2: Fly out, F8 (Flyball, 8RD, EV 100.0 MPH)
|
Top of the 7th over - 1 run, 1 hit, 2 errors, 2 left on base; Shady Side 5 - Beaumont 5 |
BOTTOM OF THE 7TH |
Beaumont Crossbeaus batting - Pitching for Shady Side Zoomies : LHP Juan Juárez
|
Batting: RHB Charles Drunk
|
0-0: Called Strike 0-1: Ball 1-1: Ground out 6-3 (Groundball, 56, EV 90.6 MPH)
|
Batting: LHB Kombayn Khanli
|
0-0: Ball 1-0: Ground out 4-3 (Groundball, 4S, EV 83.8 MPH)
|
Batting: RHB Armando Rivera
|
0-0: Ball 1-0: Swinging Strike 1-1: Ball 2-1: Ball 3-1: Foul Ball, location: 2F 3-2: Strikes out swinging
|
Bottom of the 7th over - 0 runs, 0 hits, 0 errors, 0 left on base; Shady Side 5 - Beaumont 5 |
TOP OF THE 8TH |
Shady Side Zoomies batting - Pitching for Beaumont Crossbeaus : LHP Felipe Cervantes
|
Batting: RHB Gonzalo Valéncia
|
0-0: Fly out, F9 (Flyball, 9, EV 98.1 MPH)
|
Pinch Hitting: LHB Clarence Carpenter
|
0-0: Called Strike 0-1: Ball 1-1: Foul Ball, location: 2F 1-2: Foul Ball, location: 2F 1-2: Foul Ball, location: 2F 1-2: Ball 2-2: Foul Ball, location: 2F 2-2: Ball 3-2: Fly out, F8 (Flyball, 8LD, EV 98.8 MPH)
|
Batting: RHB Gorgonio Arboleda
|
0-0: Foul Ball, location: 2F 0-1: Called Strike 0-2: Ball 1-2: Foul Ball, location: 2F 1-2: Foul Ball, location: 2F 1-2: Strikes out looking
|
Top of the 8th over - 0 runs, 0 hits, 0 errors, 0 left on base; Shady Side 5 - Beaumont 5 |
BOTTOM OF THE 8TH |
Beaumont Crossbeaus batting - Pitching for Shady Side Zoomies : LHP Juan Juárez
|
Pitching: LHP Connor Clow
|
|
Now in RF: Kian Shipman
|
|
Batting: SHB Nathan Dooley
|
0-0: Ground out 1-3 (Groundball, P, EV 73.8 MPH)
|
Batting: RHB Félix Morán
|
0-0: Foul Ball, location: 2F 0-1: Ball 1-1: Swinging Strike 1-2: Strikes out swinging
|
Batting: RHB Artie Jackson
|
0-0: Ball 1-0: Ball 2-0: Ball 3-0: Called Strike 3-1: Base on Balls
|
Batting: RHB Gilberto Rodríguez
|
0-0: Ball 1-0: Fly out, F7 (Flyball, 7D, EV 97.5 MPH)
|
Bottom of the 8th over - 0 runs, 0 hits, 0 errors, 1 left on base; Shady Side 5 - Beaumont 5 |
TOP OF THE 9TH |
Shady Side Zoomies batting - Pitching for Beaumont Crossbeaus : LHP Felipe Cervantes
|
Batting: RHB Javier Reyes
|
0-0: Foul Ball, location: 2F 0-1: Ball 1-1: SINGLE (Line Drive, 6MD, EV 98.8 MPH)
|
Batting: RHB Felipe Torres
|
0-0: Sac Bunt to 25 - play at first, batter OUT! 5-3 Javier Reyes to second
|
Pinch Hitting: LHB Ray Mitrou
|
0-0: Ground out 5-3 (Groundball, 5S, EV 80.6 MPH)
|
Batting: RHB Ieyoshi Saito
|
0-0: Intentional Walk
|
Batting: RHB Faycal Lacroix
|
0-0: Ball 1-0: Ball 2-0: Fielders Choice at 2nd, 5-4 (Groundball, 56, EV 88.8 MPH)
|
Top of the 9th over - 0 runs, 1 hit, 0 errors, 2 left on base; Shady Side 5 - Beaumont 5 |
BOTTOM OF THE 9TH |
Beaumont Crossbeaus batting - Pitching for Shady Side Zoomies : LHP Connor Clow
|
Pitching: RHP Aaron King
|
|
Now at C: Dan McCullough
|
|
Pinch Hitting: SHB Randy Stokes
|
0-0: Ball 1-0: Called Strike 1-1: Ball 2-1: Foul Ball, location: 2F 2-2: Ball 3-2: Ground out 6-3 (Groundball, 6MS, EV 65.6 MPH)
|
Pinch Hitting: RHB Montes Averlino
|
0-0: Ball 1-0: Ball 2-0: Called Strike 2-1: Called Strike 2-2: Strikes out swinging
|
Pinch Hitting: RHB Cliff Kelly
|
0-0: Called Strike 0-1: Foul Ball, location: 2F 0-2: Ball 1-2: Ball 2-2: Foul Ball, location: 2F 2-2: Strikes out swinging
|
Bottom of the 9th over - 0 runs, 0 hits, 0 errors, 0 left on base; Shady Side 5 - Beaumont 5 |
TOP OF THE 10TH |
Shady Side Zoomies batting - Pitching for Beaumont Crossbeaus : LHP Felipe Cervantes
|
Pitching: RHP Ignacio Ramos
|
|
Now at C: Ron Hampton
|
|
Now in LF: William Vader
|
|
Now in CF: Nathan Dooley
|
|
Now in RF: Calvin Groenendijk
|
|
Batting: RHB Chris Teoh
|
0-0: Foul Ball, location: 2F 0-1: Called Strike 0-2: Foul Ball, location: 2F 0-2: Foul Ball, location: 2F 0-2: Ball 1-2: Ball 2-2: Ball 3-2: Foul Ball, location: 2F 3-2: Strikes out swinging
|
Pinch Hitting: LHB Joe Elliott
|
0-0: Foul Ball, location: 2F 0-1: Foul Ball, location: 2F 0-2: Ball 1-2: SINGLE (Flyball, 8RS, EV 93.8 MPH)
|
Pinch Hitting: RHB John Barlow
|
0-0: Ball 1-0: Ball 2-0: Called Strike 2-1: Called Strike 2-2: Foul Ball, location: 2F 2-2: Grounds into double play, 6-4-3 (Groundball, 6, EV 85.0 MPH)
|
Top of the 10th over - 0 runs, 1 hit, 0 errors, 0 left on base; Shady Side 5 - Beaumont 5 |
BOTTOM OF THE 10TH |
Beaumont Crossbeaus batting - Pitching for Shady Side Zoomies : RHP Aaron King
|
Now at 1B: Joe Elliott
|
|
Now in RF: Min-zhong Hong
|
|
Batting: LHB Kombayn Khanli
|
0-0: Ball 1-0: Swinging Strike 1-1: Foul Ball, location: 2F 1-2: Strikes out swinging
|
Pinch Hitting: RHB Dwight Voermans
|
0-0: Ball 1-0: Ball 2-0: Swinging Strike 2-1: Ground out 6-3 (Groundball, 56, EV 98.8 MPH)
|
Batting: SHB Nathan Dooley
|
0-0: Foul Ball, location: 2F 0-1: Ball 1-1: Ball 2-1: Called Strike 2-2: Ball 3-2: Foul Ball, location: 2F 3-2: Foul Ball, location: 2F 3-2: Fly out, F8 (Line Drive, 8LM, EV 101.9 MPH)
|
Bottom of the 10th over - 0 runs, 0 hits, 0 errors, 0 left on base; Shady Side 5 - Beaumont 5 |
TOP OF THE 11TH |
Shady Side Zoomies batting - Pitching for Beaumont Crossbeaus : RHP Ignacio Ramos
|
Now at SS: Yuan Thean
|
|
Pinch Hitting: RHB Lopahin Gadalov
|
0-0: Ball 1-0: Ball 2-0: Ball 3-0: Fly out, F7 (Flyball, 7, EV 73.8 MPH)
|
Batting: RHB Javier Reyes
|
0-0: Swinging Strike 0-1: Swinging Strike 0-2: Ball 1-2: Ground out 5-3 (Groundball, 56S, EV 66.2 MPH)
|
Batting: RHB Felipe Torres
|
0-0: Swinging Strike 0-1: Ground out 5-3 (Groundball, 5, EV 96.9 MPH)
|
Top of the 11th over - 0 runs, 0 hits, 0 errors, 0 left on base; Shady Side 5 - Beaumont 5 |
BOTTOM OF THE 11TH |
Beaumont Crossbeaus batting - Pitching for Shady Side Zoomies : RHP Aaron King
|
Pitching: RHP Iván Marquis
|
|
Now in CF: Lopahin Gadalov
|
|
Batting: RHB Félix Morán
|
0-0: Foul Ball, location: 2F 0-1: Ball 1-1: Fly out, F4 (Popup, 4MD, EV 67.5 MPH)
|
Batting: RHB Artie Jackson
|
0-0: SINGLE (Line Drive, 5D, EV 103.1 MPH)
|
Batting: RHB Gilberto Rodríguez
|
0-0: Called Strike 0-1: Foul Ball, location: 2F 0-2: Strikes out swinging
|
Batting: RHB William Vader
|
0-0: Ball Artie Jackson steals 2nd base 1-0: Intentional Walk
|
Batting: LHB Calvin Groenendijk
|
0-0: Ball 1-0: Ball 2-0: Ball 3-0: Called Strike 3-1: Foul Ball, location: 2F 3-2: Base on Balls Artie Jackson to third William Vader to second
|
Pinch Hitting: RHB Hidetada Hasegawa
|
0-0: Ball 1-0: Ball 2-0: Foul Ball, location: 2F 2-1: Called Strike 2-2: Foul Ball, location: 2F 2-2: Strikes out looking
|
Bottom of the 11th over - 0 runs, 1 hit, 0 errors, 3 left on base; Shady Side 5 - Beaumont 5 |
TOP OF THE 12TH |
Shady Side Zoomies batting - Pitching for Beaumont Crossbeaus : RHP Ignacio Ramos
|
Now at C: Tom Richmond
|
|
Pinch Hitting: RHB Zhi-xin Chin
|
0-0: Ball 1-0: Swinging Strike 1-1: Foul Ball, location: 2F 1-2: Ground out 1-3 (Groundball, 15S, EV 71.9 MPH)
|
Batting: RHB Ieyoshi Saito
|
0-0: Fly out, F9 (Line Drive, 89M, EV 96.9 MPH)
|
Batting: RHB Faycal Lacroix
|
0-0: Ball 1-0: Called Strike 1-1: Ball 2-1: Ground out 4-3 (Groundball, 4S, EV 86.2 MPH)
|
Top of the 12th over - 0 runs, 0 hits, 0 errors, 0 left on base; Shady Side 5 - Beaumont 5 |
BOTTOM OF THE 12TH |
Beaumont Crossbeaus batting - Pitching for Shady Side Zoomies : RHP Iván Marquis
|
Now at C: Zhi-xin Chin
|
|
Batting: LHB Kombayn Khanli
|
0-0: Swinging Strike 0-1: Ball 1-1: Swinging Strike 1-2: Strikes out swinging
|
Batting: RHB Yuan Thean
|
0-0: Ball 1-0: SOLO HOME RUN (Flyball, 7LD, EV 96.9 MPH), Distance : 358 ft
|
Bottom of the 12th over - 1 run, 1 hit, 0 errors, 0 left on base; Shady Side 5 - Beaumont 6 |
|